 Dungeon Crawl Stone Soup version 0.27.1 (webtiles) character file.

Game seed: 7264620729251775898

11 Atelerd the Digger (level 2, 0/17 HPs)
             Began as an Octopode Earth Elementalist on Sept 4, 2021.
             Slain by a bat (1 damage)
             ... on level 1 of the Dungeon.
             The game lasted 00:00:24 (168 turns).

Atelerd the Digger (Octopode Earth Elementalist)     Turns: 168, Time: 00:00:25

Health: 0/17       AC:  1    Str:  7    XL:     2   Next: 25%
Magic:  0/5        EV: 13    Int: 17    God:
Gold:   0          SH:  0    Dex: 12    Spells: 4/5 levels left

rFire    . . .     SeeInvis .   (no weapon)
rCold    . . .     Faith    .   (no shield)
rNeg     . . .     Spirit   .   (helmet restricted)
rPois    .         Reflect  .   (no amulet)
rElec    .         Harm     .   (no ring)
rCorr    .         Rampage  .   (no ring)
Will     .....                  (no ring)
Stlth    +++.......             (no ring)
HPRegen  0.05/turn              (no ring)
MPRegen  0.09/turn              (no ring)
                                (no ring)
                                (no ring)

@: no status effects
A: almost no armour, amphibious, 8 rings, camouflage 1, gelatinous body 1,
(nimble swimmer 1), tentacles
a: no special abilities


You were on level 1 of the Dungeon.
You visited 1 branch of the dungeon, and saw 1 of its levels.

Inventory:

Missiles
 b - 17 stones


   Skills:
 - Level 2.0 Dodging
 - Level 2.6 Stealth
 + Level 2.2 Spellcasting
 + Level 1.4 Transmutations
 + Level 3.2 Earth Magic


You had 4 spell levels left.
You knew the following spells:

 Your Spells              Type           Power      Damage    Failure   Level
a - Sandblast             Erth           24%        2d8       4%          1

Your spell library contained the following spells:

 Spells                   Type           Power      Damage    Failure   Level
 Passwall                 Tmut/Erth      7%         N/A       11%         2
 Stone Arrow              Conj/Erth      14%        3d7       28%         3
 Petrify                  Tmut/Erth      9%         N/A       58%         4


Dungeon Overview and Level Annotations

Branches:
Dungeon (1/15)

Altars:


Innate Abilities, Weirdness & Mutations

You cannot wear most types of armour.
You are amphibious.
You can wear up to eight rings at the same time.
Your skin changes colour to match your surroundings (Stealth+).
Your rubbery body absorbs attacks. (AC +1, EV +1)
((You are camouflaged near water. (Stealth+)))
You have tentacles for arms and can constrict up to eight enemies at once.


Message History

The bat hits you but does no damage. The bat barely misses you.
Unknown command.
Press: ? - help, v - describe, . - travel The floor.
Unknown command.
Casting: Sandblast (safe; 4% risk of failure)
Confirm with . or Enter, or press ? or * to list all spells.
Aiming: Sandblast (safe; 4% risk of failure)
Press: ? - help, Shift-Dir - straight line, f - endoplasm
Aim: an endoplasm (98% to hit)
The blast of sand hits the endoplasm!
You kill the endoplasm!
The bat hits you but does no damage. The bat misses you. The rat bites you.
* * * LOW HITPOINT WARNING * * *
Unknown command.
Unknown command.
Unknown command.
Unknown command.
Unknown command.
Unknown command.
You are too injured to fight recklessly!
Unknown command.
You are too injured to fight recklessly!
Unknown command.
You are too injured to fight recklessly!
Unknown command.
You are too injured to fight recklessly!
You tentacle-slap the bat but do no damage.
Your grab misses the bat. Your squeeze misses the bat. The bat hits you.
* * * LOW HITPOINT WARNING * * *
The bat hits you but does no damage. The bat hits you.
* * * LOW HITPOINT WARNING * * *
The rat closely misses you.
Unknown command.
You are too injured to fight recklessly!
You tentacle-slap the bat. Your grab misses the bat.
The bat is severely wounded.
The bat hits you but does no damage. The bat completely misses you.
The bat hits you.
You die...

.............. ..............
........................# ......
...$.......##...........# ......
..!........##...........# #.....
...........##...........# #.....
.$.........##...b.......####.....
.................................
................@b...............
........#####...r.......####.....
.....†.)#####...##.........#.....
...#............##.........#.....
. #......$...#######......#.....
#..........# #######......
#.............# #.#####
#.............# #.#
..##...........# ##'##


You could see 2 bats and a rat.

Vanquished Creatures
  2 bats (D:1)
  3 endoplasms (D:1)
  A goblin (D:1)
  A hobgoblin (D:1)
  A quokka (D:1)
8 creatures vanquished.

Notes
Turn   | Place    | Note
-------+----------+-------------------------------------------
     0 | D:1      | Atelerd the Octopode Earth Elementalist began the quest for
                  | the Orb.
     0 | D:1      | Reached XP level 1. HP: 11/11 MP: 3/3
   143 | D:1      | Reached XP level 2. HP: 17/17 MP: 1/5
   168 | D:1      | Slain by a bat

Illustrated notes

Levels and vault maps discovered:
D:1:      dpeg_arrival_radiant, layout_basic, ebering_ecumenical_altar_ruins

Action                   || total
-------------------------++-------
Melee: Unarmed           ||    17
       Constrict         ||     3
 Cast: Sandblast         ||    13
Armor: Skin              ||    16
Dodge: Dodged            ||    49
